 Dungeon Crawl Stone Soup version 0.16.2-12-gd0ad4c3 (webtiles) character file.

13691 musteatbrain the Severer (level 11, -7/104 HPs)
             Began as a Minotaur Berserker on Sept 27, 2015.
             Was a High Priest of Trog.
             Mangled by musteatbrain's ghost (13 damage)
             ... on level 12 of the Dungeon on Sept 28, 2015.
             The game lasted 00:46:38 (11030 turns).

musteatbrain the Severer (Minotaur Berserker)      Turns: 11030, Time: 00:46:39

Health: -7/104     AC: 21    Str: 25    XL:     11   Next: 78%
Magic:  4/4        EV: 10    Int:  4    God:    Trog [*****.]
Gold:   690        SH:  0    Dex: 10    Spells: 0 memorised, 10 levels left

rFire  . . .     SeeInvis .     u - +0 war axe
rCold  . . .     Clarity  .     I - +0 plate armour
rNeg   . . .     SustAb   .     (no shield)
rPois  .         Gourm    .     (helmet unavailable)
rElec  .         Spirit   .     J - +2 cloak
rCorr  .         Warding  .     F - +2 pair of gloves
rMut   .         Rnd*Tele +     (no boots)
MR     ++...                    (no amulet)
Stlth  ..........               (no ring)
                                r - ring of flight

@: regenerating, very resistant to hostile enchantments, extremely unstealthy
A: retaliatory headbutt, horns 3, sense surroundings 1, teleportitis 1
a: Burn Spellbooks, Berserk, Trog's Hand, Brothers in Arms, Renounce Religion,
Evoke Flight


You were on level 12 of the Dungeon.
You worshipped Trog.
Trog was extremely pleased with you.
You were not hungry.

You visited 1 branch of the dungeon, and saw 12 of its levels.

You collected 690 gold pieces.

Inventory:

Hand weapons
 u - a +0 war axe (weapon)
Armour
 A - a +1 scale mail
 F - a +2 pair of gloves (worn)
 I - a +0 plate armour (worn)
 J - a +2 cloak (worn)
Jewellery
 k - a +4 ring of intelligence {unknown}
 r - a ring of flight (left hand)
Magical devices
 h - a wand of magic darts (25)
 y - a wand of polymorph (16)
 C - a wand of random effects (22)
 E - a wand of random effects (27)
 H - a wand of lightning (10)
Scrolls
 a - a scroll of fear
 g - 3 scrolls of enchant armour
 i - a scroll of identify
 n - a scroll of recharging
 o - 4 scrolls of enchant weapon
 s - 5 scrolls of remove curse {unknown}
 t - 3 scrolls of teleportation {unknown}
 v - 4 scrolls of magic mapping {unknown}
 w - 2 scrolls of noise {unknown}
 D - a scroll of acquirement {unknown}
 G - a scroll of amnesia {unknown}
 L - a scroll of immolation {unknown}
 M - a scroll of random uselessness {unknown}
Potions
 b - 2 potions of resistance
 d - 8 potions of curing
 e - a potion of haste
 f - 2 potions of might
 p - 4 potions of heal wounds
 x - 3 potions of restore abilities
 z - 2 potions of cancellation
 B - 2 potions of ambrosia
 O - 2 potions of lignification {unknown}
 P - a potion of brilliance {unknown}
Miscellaneous
 K - a sack of spiders
 N - a box of beasts
Comestibles
 c - 3 bread rations
 j - a meat ration
 l - a slice of pizza
 q - 6 fruits
 Q - a beef jerky


   Skills:
 + Level 11.6 Fighting
 * Level 15.1 Axes
 + Level 9.3 Armour
 + Level 8.3 Dodging


You had 10 spell levels left.
You didn't know any spells.

Dungeon Overview and Level Annotations

Branches:
Dungeon (12/15)            Temple (0/1) D:6            Lair (0/8) D:11
    Orc (0/4) D:9

Altars:
Ashenzari
Dithmenos
Nemelex Xobeh
Qazlal
Sif Muna
Trog
Vehumet
Yredelemnul

Shops:
D:8 (   D:9 [

Portals:
Trove: D:11 (give 17 scrolls of teleportation)

Annotations:
D:12 1 runed door, musteatbrain's ghost, powerful MiBe


Innate Abilities, Weirdness & Mutations

You reflexively headbutt those who attack you in melee.
You have a pair of large horns on your head.
You passively map a small area around you.
Space occasionally distorts in your vicinity.


Message History

Musteatbrain's ghost hits you!!
Your plate armour prevents you from hitting musteatbrain's ghost.
You headbutt musteatbrain's ghost.
Musteatbrain's ghost is lightly damaged.
You barely miss musteatbrain's ghost.
Your headbutt misses musteatbrain's ghost.
Musteatbrain's ghost is lightly damaged.
Musteatbrain's ghost hits you but does no damage.
You are electrocuted!
Use which ability? (? or * to list) You're too hungry to go berserk.
Eat which item? (? for menu, Esc to quit)
Musteatbrain's ghost yells, "Who would have thought, even in death it is a pleasure to sever!"
Musteatbrain's ghost hits you!
You are electrocuted!
* * * LOW HITPOINT WARNING * * *
You continue eating.
Musteatbrain's ghost hits you!!
* * * LOW HITPOINT WARNING * * *
You are electrocuted!
You die...

#.............#.. ,
.#.............#..... *
.######........#.....
......#........#....#
......#........#..).#
......#........#....# , ,*
<.....#........#...># , , *
......###+#'####W...#'### *
................@........ ,
+#................####### , ,
.#..........###'###.....#
.)..........#...........# ,
÷#..........#...........#,
.#..........#...........# * *
.#..........+...........#.###*
.#..........#........≈≈≈≈≈≈≈≈≈
##÷÷........#........≈##≈≈≈##


You could see musteatbrain's ghost.

Vanquished Creatures
  A hydra (D:11)
  2 unseen horrors (D:11)
  2 hill giants
  Pikel (D:8)
  2 ugly things (D:11)
  The ghost of BLOAX the Ruffian, an experienced VSTm (D:6)
  The ghost of Charly the Covert, an experienced OpAs (D:7)
  A komodo dragon (D:11)
  2 trolls
  A two-headed ogre (D:12)
  A trapdoor spider (D:11)
  9 yaks
  A wyvern (D:11)
  The ghost of Charly the Ruffian, an average VSTm (D:5)
  Grum (D:9)
  3 hungry ghosts
  2 steam dragons
  3 deep elf magi
  2 wolves (D:9)
  A hippogriff (D:11)
  4 vampire mosquitoes (D:11)
  Edmund (D:8)
  A black bear (D:11)
  A water moccasin (D:11)
  The ghost of SlimeFever the Stinger, an average TeVM of Vehumet (D:4)
  8 orc warriors
  An ice beast (D:11)
  3 slaves (D:8)
  2 wasps
  A sky beast (D:5)
  5 ogres
  2 eyes of draining
  3 phantoms
  10 centaurs
  The ghost of SlimeFever the Firebug, an average TeFE (D:3)
  Blork the orc (D:8)
  3 giant frogs
  2 big kobolds (D:12)
  4 scorpions
  2 killer bees
  9 wights
  An electric eel (D:12)
  3 centaur zombies
  A jelly (D:5)
  9 orc priests
  2 giant frog zombies
  2 quasits (D:11)
  9 crimson imps
  2 goliath beetles (D:6)
  A giant frog skeleton (D:11)
  5 hounds
  2 centaur skeletons
  3 iguanas
  Natasha (D:6)
  12 orc wizards
  6 worker ants
  Ijyb (D:6)
  Jessica (D:2)
  A hound zombie (D:5)
  Terence (D:3)
  Robin (D:3)
  13 adders
  4 shadow imps
  2 worms (D:2)
  An adder zombie (D:7)
  An adder skeleton (D:5)
  3 giant geckos
  An ooze (D:2)
  35 orcs
  A ball python (D:2)
  7 bats
  A bat skeleton (D:4)
  A bat zombie (D:7)
  16 hobgoblins
  3 jackals (D:1)
  23 kobolds
  3 quokkas
  4 giant cockroaches
  A giant cockroach zombie (D:5)
  A giant gecko skeleton (D:9)
  2 giant newts
  19 goblins
  A jackal skeleton (D:6)
  A quokka zombie (D:6)
  18 rats
  5 ballistomycetes
334 creatures vanquished.

Vanquished Creatures (collateral kills)
  A steam dragon (D:10)
  2 orcs (D:10)
3 creatures vanquished.

Vanquished Creatures (others)
  2 ogres (D:11)
  7 giant spores
  2 ballistomycetes (D:11)
11 creatures vanquished.

Grand Total: 348 creatures vanquished

Notes
Turn   | Place    | Note
--------------------------------------------------------------
     0 | D:1      | musteatbrain, the Minotaur Berserker, began the quest for the Orb.
     0 | D:1      | Reached XP level 1. HP: 19/19 MP: 1/1
   137 | D:1      | Reached skill level 4 in Axes
   156 | D:1      | Reached XP level 2. HP: 27/27 MP: 1/1
   641 | D:1      | Acquired Trog's second power
   706 | D:1      | Reached XP level 3. HP: 33/33 MP: 2/2
  1247 | D:2      | Reached skill level 5 in Axes
  1299 | D:2      | Noticed Jessica
  1306 | D:2      | Killed Jessica
  1306 | D:2      | Reached XP level 4. HP: 39/41 MP: 2/2
  1706 | D:3      | Found a bloodstained altar of Trog.
  1808 | D:3      | Noticed Robin
  1819 | D:3      | Killed Robin
  2028 | D:3      | Noticed SlimeFever's ghost (average TeFE)
  2036 | D:3      | Killed SlimeFever's ghost
  2036 | D:3      | Reached skill level 5 in Fighting
  2036 | D:3      | Reached skill level 6 in Axes
  2036 | D:3      | Reached XP level 5. HP: 16/48 MP: 2/2
  2277 | D:3      | Found a basalt altar of Yredelemnul.
  2313 | D:3      | Noticed Terence
  2319 | D:3      | Killed Terence
  2838 | D:4      | Noticed a phantom
  2871 | D:4      | Killed a phantom
  2871 | D:4      | Reached skill level 7 in Axes
  2871 | D:4      | Reached XP level 6. HP: 51/57 MP: 3/3
  2916 | D:4      | Found a shattered altar of Ashenzari.
  3124 | D:4      | Noticed SlimeFever's ghost (average TeVM)
  3132 | D:4      | Killed SlimeFever's ghost
  3301 | D:5      | Entered Level 5 of the Dungeon
  3310 | D:5      | Reached skill level 8 in Axes
  3310 | D:5      | Reached XP level 7. HP: 64/64 MP: 3/3
  3336 | D:5      | Noticed Charly's ghost (average VSTm)
  3349 | D:5      | Killed Charly's ghost
  3372 | D:5      | Reached skill level 9 in Axes
  3605 | D:5      | Found a stormy altar of Qazlal.
  3772 | D:5      | Reached XP level 8. HP: 45/73 MP: 3/3
  4223 | D:5      | Reached skill level 10 in Axes
  4315 | D:6      | Found a staircase to the Ecumenical Temple.
  4437 | D:6      | Noticed Ijyb
  4452 | D:6      | Killed Ijyb
  4818 | D:6      | Noticed BLOAX's ghost (experienced VSTm)
  4825 | D:6      | Killed BLOAX's ghost
  4922 | D:6      | Noticed Natasha
  4927 | D:6      | Killed Natasha
  5011 | D:6      | Reached skill level 11 in Axes
  5526 | D:7      | Noticed Charly's ghost (experienced OpAs)
  5534 | D:7      | Reached XP level 9. HP: 48/82 MP: 4/4
  5549 | D:7      | Killed Charly's ghost
  5881 | D:7      | Found a sparkling altar of Nemelex Xobeh.
  5905 | D:7      | Found a deep blue altar of Sif Muna.
  5908 | D:7      | Found a shadowy altar of Dithmenos.
  5911 | D:7      | Found a radiant altar of Vehumet.
  5953 | D:7      | Acquired Trog's third power
  6237 | D:8      | Reached skill level 5 in Armour
  6345 | D:8      | Noticed Edmund
  6362 | D:8      | Killed Edmund
  6362 | D:8      | Reached skill level 12 in Axes
  6426 | D:8      | Noticed a hill giant
  6433 | D:8      | Killed a hill giant
  6433 | D:8      | Reached skill level 5 in Dodging
  6494 | D:8      | Noticed Blork the orc
  6502 | D:8      | Killed Blork the orc
  6628 | D:8      | Reached XP level 10. HP: 68/92 MP: 4/4
  6792 | D:8      | Found Suot's Weapon Boutique.
  6860 | D:8      | Noticed Pikel
  6878 | D:8      | Killed Pikel
  7105 | D:9      | Found Raraipas' Armour Shop.
  7206 | D:9      | Reached skill level 10 in Fighting
  7283 | D:9      | Reached skill level 13 in Axes
  7581 | D:9      | Found a staircase to the Orcish Mines.
  7647 | D:9      | Received a gift from Trog
  7726 | D:9      | Noticed Grum
  7741 | D:9      | Killed Grum
  7926 | D:10     | Entered Level 10 of the Dungeon
  8892 | D:11     | Killed an unseen horror
  8892 | D:11     | Reached XP level 11. HP: 38/101 MP: 4/4
  9003 | D:11     | Found a portal to a secret trove of treasure.
  9013 | D:11     | Reached skill level 14 in Axes
  9037 | D:11     | Found Ussutaqe's Gadget Shoppe.
  9205 | D:11     | Gained mutation: You passively map a small area around you. [potion of mutation]
  9205 | D:11     | Gained mutation: You have a pair of large horns on your head. [potion of mutation]
  9205 | D:11     | Gained mutation: Space occasionally distorts in your vicinity. [potion of mutation]
  9288 | D:11     | Found a staircase to the Lair.
 10067 | D:11     | Killed an unseen horror
 10271 | D:11     | Noticed a six-headed hydra
 10291 | D:11     | Killed a 11-headed hydra
 10551 | D:11     | Noticed a brown ugly thing
 10561 | D:11     | Killed a brown ugly thing
 10720 | D:12     | Noticed a hill giant
 10753 | D:12     | Killed a hill giant
 10753 | D:12     | Reached skill level 15 in Axes
 10924 | D:12     | Found a runed door.
 11020 | D:12     | Noticed musteatbrain's ghost (powerful MiBe)
 11030 | D:12     | Mangled by musteatbrain's ghost

Action                   |  1- 3 |  4- 6 |  7- 9 | 10-12 || total
-------------------------+-------+-------+-------+-------++-------
Melee: Hand axe          |    78 |    44 |       |       ||   122
       War axe           |       |    46 |   269 |   528 ||   843
Invok: Trog's Hand       |       |     5 |     4 |    10 ||    19
       Berserk           |       |     5 |     1 |     5 ||    11
       Burn Spellbooks   |       |       |     1 |     4 ||     5
       Brothers in Arms  |       |       |       |     3 ||     3
  Use: Scroll            |       |       |    10 |     5 ||    15
       Potion            |       |       |     1 |     4 ||     5
  Eat: Chunk             |     1 |     5 |    11 |     5 ||    22
       Bread ration      |       |     1 |       |       ||     1
       Fruit             |       |     1 |       |       ||     1
       Beef jerky        |       |       |     1 |     1 ||     2
       Meat ration       |       |       |     1 |     1 ||     2
       Pizza             |       |       |       |     4 ||     4
       Royal jelly       |       |       |       |     1 ||     1
